 Dungeon Crawl Stone Soup version 0.25-a0-610-gd0df705f03 (webtiles) character file.

Game seed: 15777254718242904920, levelgen mode: deterministic

108 mopl the Chopper (level 4, 0/37 HPs)
             Began as a Minotaur Skald on Mar 16, 2020.
             Succumbed to a worker ant's poison
             ... on level 3 of the Dungeon.
             The game lasted 00:02:24 (1787 turns).

mopl the Chopper (Minotaur Skald)                   Turns: 1787, Time: 00:02:26

Health: 0/37       AC:  6    Str: 17    XL:     4   Next: 58%
Magic:  5/5        EV: 13    Int: 14    God:
Gold:   154        SH:  2    Dex:  9    Spells: 4/5 levels left

rFire    . . .     SeeInvis .   a - +0 hand axe
rCold    + . .     Gourm    .   e - +0 buckler
rNeg     . . .     Faith    .   q - +1 ring mail {rC+}
rPois    .         Spirit   .   (helmet restricted)
rElec    .         Reflect  .   (no cloak)
rCorr    .         Harm     .   (no gloves)
MR       .....                  (no boots)
Stlth    ..........             (no amulet)
HPRegen  0.12/turn              d - +3 ring of evasion
MPRegen  0.09/turn              k - +4 ring of intelligence

@: lethally poisoned (0 -> -7)
A: retaliatory headbutt, horns 2
a: no special abilities


You were on level 3 of the Dungeon.
You were not hungry.

You visited 1 branch of the dungeon, and saw 4 of its levels.

You collected 154 gold pieces.

Inventory:

Hand Weapons
 a - a +0 hand axe (weapon)
Missiles
 j - 4 javelins (quivered)
Armour
 e - a +0 buckler (worn)
 i - a +0 scale mail
 q - a +1 ring mail of cold resistance (worn)
Jewellery
 d - a +3 ring of evasion (left hand)
 k - a +4 ring of intelligence (right hand)
Wands
 p - a wand of random effects (30)
Scrolls
 f - a scroll of fog {unknown}
 g - 2 scrolls of identify
 h - a scroll of teleportation {unknown}
 l - 2 scrolls of magic mapping {unknown}
 m - a scroll of amnesia {unknown}
 n - a scroll of enchant armour {unknown}
 o - a scroll of remove curse {unknown}
Potions
 r - a potion of heal wounds
 s - a potion of might
 t - 3 potions of curing {unknown}
Comestibles
 c - 7 rations


   Skills:
 - Level 2.4 Fighting
 + Level 5.9 Axes
 - Level 1.2 Armour
 - Level 2.1 Dodging
 - Level 1.3 Spellcasting
 - Level 2.0 Charms


You had 4 spell levels left.
You knew the following spells:

 Your Spells              Type           Power        Failure   Level  Hunger
a - Infusion              Chrm           #...         34%         1    ##.....

Your spell library contained the following spells:

 Spells                   Type           Power        Failure   Level  Hunger
 Song of Slaying          Chrm           #.......     45%         2    ###....
 Shroud of Golubria       Chrm/Tloc      #.....       61%         2    ###....
 Ozocubu's Armour         Chrm/Ice       #.......     83%         3    ####...
 Spectral Weapon          Hex/Chrm       #.......     83%         3    ####...


Dungeon Overview and Level Annotations

Branches:
Dungeon (4/15)
 Temple: D:4-7

Altars:


Innate Abilities, Weirdness & Mutations

You reflexively headbutt those who attack you in melee.
You have a pair of horns on your head.


Message History

Unknown command.
You are too injured to fight recklessly!
Unknown command.
You are too injured to fight recklessly!
The worker ant completely misses you.
The orc hits you from afar with a +0 trident.
You block the orc wizard's attack. The worker ant bites you.
* * * LOW HITPOINT WARNING * * *
The orc wizard gestures wildly while chanting.
The orc wizard blinks!
Found a whip.
There is a stone staircase leading up here.
The worker ant bites you.
* * * LOW HITPOINT WARNING * * *
You are lethally poisoned!
The worker ant poisons you!
You climb upwards.
The orc shouts!
You die...

#..... #.....
########.....
#<..<..+.....
#..#.###.....
###########..#...#.....
#......................
#.....a####..#.######.#
#.o...@'..............'
#......####'####.#....#
#...####.....###.#.####
#...# #...(.+.#...# #
#...# #.....#.##### #
#...# #.....#.# # #...#
#.....#.######## #...#
#.....#.......## #...#
######....###.##


You could see a worker ant and an orc.

Vanquished Creatures
  A hound (D:4)
  An adder (D:3)
  An adder skeleton (D:2)
  An adder zombie (D:2)
  A worm (D:2)
  2 dart slugs (D:3)
  2 leopard geckos (D:1)
  5 orcs (D:4)
  A ball python (D:3)
  A bat skeleton (D:2)
  A bat zombie (D:2)
  2 giant cockroaches
  2 goblins
  4 hobgoblins
  2 jackals (D:2)
  4 kobolds
  6 bats
  4 frilled lizards
  A leopard gecko skeleton (D:2)
  A quokka zombie (D:2)
  6 rats
49 creatures vanquished.

Notes
Turn   | Place    | Note
-------+----------+-------------------------------------------
     0 | D:1      | mopl the Minotaur Skald began the quest for the Orb.
     0 | D:1      | Reached XP level 1. HP: 18/18 MP: 1/1
   119 | D:1      | Reached skill level 3 in Axes
   127 | D:1      | Reached XP level 2. HP: 19/25 MP: 3/3
   736 | D:2      | Reached skill level 4 in Axes
   971 | D:2      | Reached XP level 3. HP: 28/30 MP: 4/4
  1312 | D:3      | Reached skill level 5 in Axes
  1742 | D:4      | Reached XP level 4. HP: 33/37 MP: 5/5
  1786 | D:4      | HP: 1/37 [worker ant (6)]
  1787 | D:3      | Succumbed to a worker ant's poison

Levels and vault maps discovered:
D:1:      scummos_arrival_gate, layout_basic
D:2:      layout_rooms, serial_undead, serial_undead_e, serial_undead_f,
          serial_undead_c, serial_undead_e
D:3:      layout_basic
D:4:      layout_rooms, first_ration, minmay_misc_feat_plants, uniq_duvessa

Skill      XL: |  1  2  3 |
---------------+----------+-----
Axes           | 3 4 5 |  5.9
Fighting       | |  2.4
Armour         | |  1.2
Dodging        | |  2.1
Spellcasting   | |  1.3
Charms         | |  2.0

Action                   |  1- 3 |  4- 6 || total
-------------------------+-------+-------++-------
Melee: Hand axe          |    86 |    17 ||   103
       Headbutt          |     8 |     2 ||    10
  Use: Scroll            |     2 |       ||     2
  Eat: Chunk             |     2 |     1 ||     3
Armor: Leather armour    |    10 |       ||    10
       Scale mail        |    10 |       ||    10
       Ring mail         |     3 |     3 ||     6
Dodge: Dodged            |    60 |    18 ||    78
Block: Buckler           |     8 |     4 ||    12

Table legend:
 A = Non-vault XP
 B = Vault XP
 C = Vault XP percentage of total XP
 D = Non-vault monster count
 E = Vault monster count
 F = Vault count percentage of total count
                 A         B        C        D         E       F
            +---------+---------+-------+---------+---------+-------
      Total |     139 |      16 |  10.3 |      43 |       6 |  12.2
            +---------+---------+-------+---------+---------+-------
        D:1 |      26 |       0 |   0.0 |      15 |       0 |   0.0
        D:2 |      20 |      16 |  44.4 |      11 |       6 |  35.3
        D:3 |      33 |       0 |   0.0 |      11 |       0 |   0.0
        D:4 |      60 |       0 |   0.0 |       6 |       0 |   0.0
            +---------+---------+-------+---------+---------+-------
